 Dungeon Sprint DCSS version 0.30-a0-465-g8901f6c8b5 (webtiles) character file.

Game seed: 7234252630452459519

48 Darkkill the Skirmisher (level 6, -5/61 HPs)
             Began as a Minotaur Hunter on Dec 18, 2022.
             Was an Initiate of Gozag.
             Slain by Prince Ribbit (15 damage)
             ... in the Dungeon (Sprint VI: "Thunderdome") on Dec 19, 2022.
             The game lasted 00:02:18 (356 turns).

Darkkill the Skirmisher (Minotaur Hunter)            Turns: 356, Time: 00:02:19

Health: -5/61      AC:  3    Str: 16    XL:     6   Next: 5%
Magic:  5/5        EV: 15    Int:  6    God:    Gozag
Gold:   293        SH:  0    Dex: 15    Spells: 5/5 levels left

rFire   . . .      SeeInvis .    k - +1 triple crossbow (vorpal)
rCold   . . .      Faith    .    (shield currently unavailable)
rNeg    . . .      Spirit   .    c - +0 leather armour
rPois   .          Reflect  .    (helmet restricted)
rElec   .          Harm     .    (no cloak)
rCorr   .          Rampage  .    (no gloves)
Will    .....      NoTele   +    (no boots)
Stlth   +++.......               (no amulet)
HPRegen 0.30/turn                (no ring)
MPRegen 0.09/turn                (no ring)

@: lethally poisoned (-5 -> -27)
A: horns 2, retaliatory headbutt
a: Renounce Religion, Potion Petition, Call Merchant, Bribe Branch


You were in the Dungeon.
You worshipped Gozag.
Gozag was aware of your devotion.
You visited 1 branch You collected 838 gold pieces.
You spent 545 gold pieces at shops.

Inventory:

Hand Weapons
 k - a +1 vorpal triple crossbow (weapon)
Armour
 c - a +0 leather armour (worn)
Wands
 l - a wand of roots (5)
Scrolls
 b - a scroll of immolation
 i - 4 scrolls of blinking
 m - 3 scrolls of fog
Potions
 d - a potion of curing {@q1}
 e - 2 potions of heal wounds
 f - 4 potions of haste
 g - 2 potions of magic
 h - a potion of berserk rage
 j - a potion of resistance


   Skills:
 + Level 7.9 Fighting
 + Level 8.2 Ranged Weapons
 + Level 7.2 Dodging
 + Level 5.7 Stealth


You had 5 spell levels left.
You didn't know any spells.
Your spell library was empty.

Dungeon Overview and Level Annotations

Branches:
Dungeon (1/1)

Altars:
Cheibriados
Dithmenos
Fedhas
Gozag
Kikubaaqudgha
Makhleb
Okawaru
Qazlal
Ru
Sif Muna
Trog
Uskayaw
Vehumet
Wu Jian
Xom
Yredelemnul
Zin
The Shining One
Lugonu

Shops:
D *[??*?*:[((!!!!

Annotations:
D Prince Ribbit


Innate Abilities, Weirdness & Mutations

You have a pair of horns on your head.
You reflexively headbutt those who attack you in melee.


Message History

Fire: k) +0 triple crossbow (vorpal)
Press: ? - help, Q - select action, (/) - cycle Shift-Dir - straight line, f - adder zombie
Aim: an adder zombie (wandering, hasn't noticed you, 62% to hit)
You shoot a bolt. The bolt hits the adder zombie!!
You destroy the adder zombie!
Fire: k) +0 triple crossbow (vorpal)
Press: ? - help, Q - select action, (/) - cycle Shift-Dir - straight line, f - you Really target yourself?
Okay, then.
You now have 329 gold pieces (gained 72).
You see here a +2 shortbow of electrocution.
An adder skeleton comes into view.
Fire: k) +0 triple crossbow (vorpal)
Press: ? - help, Q - select action, (/) - cycle Shift-Dir - straight line, f - adder skeleton
Aim: an adder skeleton (wandering, hasn't noticed you, 69% to hit)
You shoot a bolt.
The bolt barely misses the adder skeleton. 50...
Fire: k) +0 triple crossbow (vorpal)
Press: ? - help, Q - select action, (/) - cycle Shift-Dir - straight line, f/p - adder skeleton
Aim: an adder skeleton (69% to hit)
You shoot a bolt.
The bolt closely misses the adder skeleton.
Fire: k) +0 triple crossbow (vorpal)
Press: ? - help, Q - select action, (/) - cycle Shift-Dir - straight line, f/p - adder skeleton
Aim: an adder skeleton (69% to hit)
You shoot a bolt. The bolt hits the adder skeleton!!
You destroy the adder skeleton!
Victory!
Score multiplier: 3x You now have 48 arena points (gained 36).
You now have 389 gold pieces (gained 60).
You now have enough gold to petition Gozag for potion effects.
You now have 443 gold pieces (gained 54).
There is an entrance to Wuitoq's Premium Goods here.
You no longer have enough gold to petition Gozag for potion effects.
a - a scroll of enchant weapon Thank you for shopping at Wuitoq's Premium Goods!
As you read the scroll of enchant weapon, it crumbles to dust.
Your +0 vorpal triple crossbow glows red for a moment.
You start waiting.
Get ready!
You start waiting.
ROUND 3!
FIGHT!
LIGHTNING ROUND!
You sense a tension in the west.
There is a snail-covered altar of Cheibriados here.
There is an ancient bone altar of Kikubaaqudgha here.
There is a basalt altar of Yredelemnul here.
Prince Ribbit and a bullfrog come into view.
A cane toad comes into view. x2
Fire: k) +1 triple crossbow (vorpal)
Press: ? - help, Q - select action, (/) - cycle Shift-Dir - straight line, f - cane toad
Aim: a cane toad (wandering, hasn't noticed you, 66% to hit)
You shoot a bolt. The bolt barely misses the cane toad.
Prince Ribbit croaks.
The cane toad gives a loud, deep croak!
A bullfrog comes into view.
Fire: k) +1 triple crossbow (vorpal)
Press: ? - help, Q - select action, (/) - cycle Shift-Dir - straight line, f/p - cane toad
Aim: a cane toad (66% to hit)
You shoot a bolt. The bolt closely misses the cane toad.
The bullfrog releases a deep croak. x2
Fire: k) +1 triple crossbow (vorpal)
Press: ? - help, Q - select action, (/) - cycle Shift-Dir - straight line, f/p - cane toad
Aim: a cane toad (66% to hit)
You shoot a bolt. The bolt hits the bullfrog.
The bullfrog is moderately wounded.
The bullfrog barely misses you. Prince Ribbit misses you.
The bullfrog hits you. Prince Ribbit misses you.
Prince Ribbit barely misses you. You furiously retaliate!
You headbutt Prince Ribbit.
Fire: k) +1 triple crossbow (vorpal)
Press: ? - help, Q - select action, (/) - cycle Shift-Dir - straight line, f/p - cane toad
Aim: a cane toad (66% to hit)
You shoot a bolt. The bolt closely misses the cane toad.
Prince Ribbit barely misses you. The cane toad misses you.
You furiously retaliate!
You headbutt the cane toad, but do no damage.
The bullfrog releases a deep croak.
The bullfrog barely misses you. The cane toad stings you!!
Fire: k) +1 triple crossbow (vorpal)
Press: ? - help, Q - select action, (/) - cycle Shift-Dir - straight line, f/p - cane toad
Aim: a cane toad (66% to hit)
You shoot a bolt. The bolt hits the cane toad!!
The cane toad is almost dead.
The bullfrog hits you. The cane toad barely misses you.
You furiously retaliate!
You headbutt the cane toad! The bullfrog hits you. The cane toad stings you!!
* * * LOW HITPOINT WARNING * * *
You are lethally poisoned!
The cane toad poisons you!
Prince Ribbit hits you but does no damage.
The cane toad misses you. You furiously retaliate!
You headbutt the cane toad, but do no damage.
The bullfrog barely misses you. You furiously retaliate!
You headbutt the bullfrog.
Prince Ribbit croaks regally.
Prince Ribbit hits you!
You die...
Your body crumbles into a pile of gold.

##.............###...........
#⌠..........###...###........
#⌠......)...# #.<.# #........
#⌠..........###...###........
##.............###...........
###∩........8.# #.8........∩
##∩.._......###......___∩#
######.8FF.......8.######
#FF@.........⌠#
###F........### #_......._#
#_......._# #_......._#
#∩.......∩# ##∩.....∩##
##.....## ##⌠⌠⌠##


You could see Prince Ribbit, 2 cane toads and 2 bullfrogs.

Vanquished Creatures
  Sigmund (D)
  A centaur (D)
  Terence (D)
  An adder skeleton (D)
  3 adder zombies (D)
  A worm (D)
  A goblin (D)
  A giant cockroach zombie (D)
10 creatures vanquished.

Notes
Turn   | Place    | Note
-------+----------+-------------------------------------------
     0 | D        | Darkkill the Minotaur Hunter began the quest for the Orb.
     0 | D        | Reached XP level 1. HP: 18/18 MP: 0/0
     3 | D        | Found a shadowy altar of Dithmenos.
     3 | D        | Found an ornate altar of the Wu Jian Council.
     4 | D        | Found a glowing golden altar of the Shining One.
     4 | D        | Found a shimmering blue altar of Sif Muna.
     5 | D        | Found a snail-covered altar of Cheibriados.
     5 | D        | Round 1.
     6 | D        | Found a basalt altar of Yredelemnul.
     6 | D        | Found an ancient bone altar of Kikubaaqudgha.
     6 | D        | Found Dyloul's Weapon Rack.
     6 | D        | Found Wuitoq's Premium Goods.
     9 | D        | Found a sacrificial altar of Ru.
     9 | D        | Found a hide-covered altar of Uskayaw.
    10 | D        | Found Coocem's Do-It-Yourself Clinic.
    10 | D        | Found a radiant altar of Vehumet.
    10 | D        | Found a bloodstained altar of Trog.
    10 | D        | Found Vuanoq's Distillery.
    11 | D        | Found Voemip's Bottled Wisdom.
    11 | D        | Found Poid's Distillery.
    14 | D        | Found a shimmering altar of Xom.
    15 | D        | Found a stormy altar of Qazlal.
    17 | D        | Found a blossoming altar of Fedhas.
    18 | D        | Found Qiuxuamu's Staff Store.
    19 | D        | Found a burning altar of Makhleb.
    19 | D        | Found a glowing silver altar of Zin.
    19 | D        | Found Ozaoxoos's Magic Scroll Shop.
    20 | D        | Found Liduorod's Must-Have Magic.
    20 | D        | Found Kuiwking's Magic Scroll Shop.
    24 | D        | Found an opulent altar of Gozag.
    25 | D        | Found a corrupted altar of Lugonu.
    29 | D        | Found Kouw's Jewellery.
    29 | D        | Found Juol's Advanced Armour.
    36 | D        | Noticed Sigmund
    38 | D        | Reached skill level 1 in Stealth
    45 | D        | HP: 1/18 [Sigmund/bolt of light (17)]
    46 | D        | Killed Sigmund
    47 | D        | Reached skill level 7 in Ranged Weapons
    47 | D        | Reached XP level 2. HP: 2/31 MP: 1/1
    47 | D        | Reached XP level 3. HP: 2/38 MP: 2/2
    47 | D        | Reached XP level 4. HP: 3/45 MP: 3/3
    47 | D        | Reached XP level 5. HP: 3/51 MP: 4/4
    48 | D        | Became a worshipper of Gozag Ym Sagoz the Greedy
    50 | D        | Found an iron altar of Okawaru.
    50 | D        | Found Rutuem's Identification Station.
    91 | D        | Noticed Terence
    94 | D        | Killed Terence
    95 | D        | Reached skill level 5 in Stealth
    95 | D        | Noticed a centaur
   102 | D        | Killed a centaur
   102 | D        | Arena points: 12 (+12) [x2]
   103 | D        | Reached skill level 8 in Ranged Weapons
   131 | D        | Found Mettatew's Miscellaneous Merchandise.
   131 | D        | Found Ucwuurr's Basic Armour.
   144 | D        | Bought a +0 triple crossbow for 300 gold pieces
   161 | D        | Round 2.
   174 | D        | Reached XP level 6. HP: 48/61 MP: 5/5
   230 | D        | Bought a scroll of brand weapon for 95 gold pieces
   284 | D        | Arena points: 48 (+36) [x3]
   305 | D        | Bought a scroll of enchant weapon for 150 gold pieces
   346 | D        | Round 3.
   351 | D        | Noticed Prince Ribbit
   351 | D        | Noticed a cane toad
   351 | D        | Noticed a cane toad
   356 | D        | HP: 10/61 [cane toad (18)]
   356 | D        | Slain by Prince Ribbit

Illustrated notes

Levels and vault maps discovered:
D:        arena_sprint

Skill      XL: |  1  2  3  4  5 |
---------------+----------------+-----
Stealth        | 4 5 |  5.7
Fighting       | 6 7 |  7.9
Ranged Weapons | 7 8 |  8.2
Dodging        | 6 7 |  7.2

Action                   |  1- 3 |  4- 6 || total
-------------------------+-------+-------++-------
 Fire: Shortbow          |     7 |    11 ||    18
       Triple crossbow   |       |    16 ||    16
Evoke: Wand              |     5 |       ||     5
  Use: Potion            |     1 |     1 ||     2
       Scroll            |       |     2 ||     2
Armor: Leather armour    |     1 |     2 ||     3
Dodge: Dodged            |    11 |    12 ||    23

Table legend: (Time is in decaauts)
 A = Elapsed time spent in this place.
 B = Non-inter-level travel time spent in this place.
 C = Inter-level travel time spent in this place.
 D = Time resting spent in this place.
 E = Time spent auto-exploring this place.
 F = Levels seen in this place.
 G = Mean time per level.
                   A        B        C        D        E       F      G
               +--------+--------+--------+--------+--------+-----+--------+
         Total |    373 |    371 |      2 |     56 |     31 |   1 |  373.0 |
       Dungeon |    373 |    371 |      2 |     56 |     31 |   1 |  373.0 |
               +--------+--------+--------+--------+--------+-----+--------+

Top non-repeatable levels by time:
       D: 373 daAuts

Table legend:
 A = Kills in this place as a percentage of kills in entire the game.
 B = Kills by you in this place as a percentage of kills by you in the entire game.
 C = Kills by friends in this place as a percentage of kills by friends in the entire game.
 D = Other kills in this place as a percentage of other kills in the entire game.
 E = Experience gained in this place as a percentage of experience gained in the entire game.
 F = Experience gained in this place divided by the number of levels of this place that you have seen.
                   A       B       C       D       E      F
               +-------+-------+-------+-------+-------+----------------------
         Total | 100.0 | 100.0 |   N/A |   N/A | 100.0 | 399.0
       Dungeon | 100.0 | 100.0 |   N/A |   N/A | 100.0 | 399.0
               +-------+-------+-------+-------+-------+----------------------
